 Dungeon Crawl Stone Soup version 0.23-a0-612-gcb482e9 (webtiles) character file.

30 Lavandula the Cutter (level 3, -1/21 HPs)
             Began as a Halfling Enchanter on Dec 21, 2018.
             Was an Initiate of Cheibriados.
             Slain by an adder (5 damage)
             ... on level 3 of the Dungeon.
             The game lasted 00:04:08 (662 turns).

Lavandula the Cutter (Halfling Enchanter)            Turns: 662, Time: 00:04:09

Health: -1/21      AC:  3    Str: 10    XL:     3   Next: 35%
Magic:  0/5        EV: 20    Int: 15    God:    Cheibriados [......]
Gold:   85         SH:  0    Dex: 20    Spells: 2/5 levels left

rFire    . . .     SeeInvis .   a - +1 dagger
rCold    . . .     Gourm    .   (shield restricted)
rNeg     . . .     Faith    .   b - +0 robe
rPois    .         Spirit   .   e - +0 helmet
rElec    .         Reflect  .   (no cloak)
rCorr    .         Harm     .   (no gloves)
MR       .....                  (no boots)
Stlth    ++++......             (no amulet)
HPRegen  0.07/turn              (no ring)
MPRegen  0.09/turn              (no ring)

@: agile, lethally poisoned (-1 -> -13), very slightly contaminated, very slow
A: small, mutation resistance 1
a: Bend Time, Renounce Religion


You were on level 3 of the Dungeon.
You worshipped Cheibriados.
Cheibriados was noncommittal.
You were not hungry.

You visited 1 branch of the dungeon, and saw 3 of its levels.

You collected 85 gold pieces.

Inventory:

Hand Weapons
 a - a +1 dagger (weapon)
Missiles
 c - 8 tomahawks (quivered)
Armour
 b - a +0 robe (worn)
 e - a +0 helmet (worn)
Wands
 m - a wand of iceblast (4)
Scrolls
 f - 2 scrolls of teleportation {unknown}
 h - a scroll of magic mapping {unknown}
 i - a scroll of amnesia {unknown}
 j - a scroll of remove curse {unknown}
 k - a scroll of identify {unknown}
 l - a scroll of enchant armour {unknown}
Comestibles
 d - 2 rations


   Skills:
 + Level 3.7 Short Blades
 - Level 2.1 Dodging
 - Level 3.2 Stealth
 - Level 1.5 Spellcasting
 - Level 2.4 Hexes


You had 2 spell levels left.
You knew the following spells:

 Your Spells              Type           Power        Failure   Level  Hunger
a - Corona                Hex            #......      9%          1    ##.....
b - Ensorcelled Hibernat  Hex/Ice        #.....       22%         2    ###....

Your spell library contained the following spells:

 Spells                   Type           Power        Failure   Level  Hunger
 Confuse                  Hex            #.......     26%         3    ####...
 Tukima's Dance           Hex            #.......     26%         3    ####...
 Dazzling Spray           Conj/Hex       #.....       38%         3    ####...


Dungeon Overview and Level Annotations

Branches:
Dungeon (3/15)

Altars:
Cheibriados
Ru


Innate Abilities, Weirdness & Mutations

You are small and have problems with some larger weapons.
You are somewhat resistant to further mutation.


Message History

The adder bites you.
You are poisoned.
The adder poisons you!
It was a potion of agility.
You feel agile all of a sudden.
You feel sick. The adder bites you.
* * * LOW HITPOINT WARNING * * *
You are more poisoned.
The adder poisons you!
You aren't carrying any potions.
Unknown command.
You closely miss the adder.
The adder is moderately wounded.
* * * LOW HITPOINT WARNING * * *
You feel sick. The adder bites you but does no damage.
You hit the adder but do no damage.
The adder is moderately wounded.
* * * LOW HITPOINT WARNING * * *
You feel sick. The adder bites you.
You die...

....... .......
.......
.............
####............
...............
######S............
#....#@............
#....#.............
#..###.............
#..................
#.#####............
#.....#)#######....
####.#<## #.. #.#.#
. #.#.#


You could see an adder.

Vanquished Creatures
  An adder (D:2)
  A leopard gecko (D:3)
  A giant cockroach (D:1)
  2 goblins
  3 hobgoblins (D:1)
  4 quokkas (D:2)
  A bat (D:1)
  A frilled lizard (D:2)
  2 kobolds
  3 rats (D:1)
19 creatures vanquished.

Notes
Turn   | Place    | Note
-------+----------+-------------------------------------------
     0 | D:1      | Lavandula the Halfling Enchanter began the quest for the
                  | Orb.
     0 | D:1      | Reached XP level 1. HP: 11/11 MP: 3/3
   211 | D:1      | Reached XP level 2. HP: 12/17 MP: 1/4
   216 | D:1      | Learned a level 2 spell: Ensorcelled Hibernation
   531 | D:2      | Found a snail-covered altar of Cheibriados.
   539 | D:2      | Became a worshipper of Cheibriados the Contemplative
   559 | D:2      | Reached XP level 3. HP: 21/21 MP: 5/5
   565 | D:2      | Found a sacrificial altar of Ru.
   662 | D:3      | Slain by an adder

Vault maps used:
D:1:      dpeg_arrival_round_c
D:2:      wad_woods_tower, nicolae_overflow_crystal_walls, grunt_qazlal_clouds,
          nicolae_ru_sacrificial_ziggurat
D:3:      led_sif_pool, minivault_26

Skill      XL: |  1  2 |
---------------+-------+-----
Short Blades   | 2 3 |  3.7
Dodging        | |  2.1
Stealth        | |  3.2
Spellcasting   | |  1.5
Hexes          | |  2.4

Action                   || total
-------------------------++-------
Melee: Dagger            ||    90
 Cast: Corona            ||    10
       Ensorcelled Hiber ||     5
  Use: Potion            ||     1
 Stab: Sleeping          ||     7
Armor: Robe              ||    17
Dodge: Dodged            ||    61

Table legend:
 A = Non-vault XP
 B = Vault XP
 C = Vault XP percentage of total XP
 D = Non-vault monster count
 E = Vault monster count
 F = Vault count percentage of total count
                 A         B        C        D         E       F
            +---------+---------+-------+---------+---------+-------
      Total |      37 |       6 |  14.0 |      16 |       3 |  15.8
            +---------+---------+-------+---------+---------+-------
        D:1 |      15 |       0 |   0.0 |      10 |       0 |   0.0
        D:2 |      17 |       6 |  26.1 |       4 |       3 |  42.9
        D:3 |       5 |       0 |   0.0 |       2 |       0 |   0.0
            +---------+---------+-------+---------+---------+-------
